Map: Heavy Artillery LE

Players

JagerFlash - Winner!

  • Race: Protoss Protoss
  • League: Platinum
  • Spawn Location: 7:00

IIIIIIIIIIII - Winner!

  • Race: Terran Terran
  • League: Diamond
  • Spawn Location: 7:00

Massa

  • Race: Terran Terran
  • League: Platinum
  • Spawn Location: 3:00

qqq

  • Race: Zerg Zerg
  • Spawn Location: 1:00

VOD

Have the link to the VOD?

Description

Time

  • Played on: Nov. 17, 2020, 4:09 p.m.
  • Length: 13:03
Show
View Real Time Build Order
Export as new Build Order

JagerFlash Protoss - Winner!

Build Orders: 1 Gate Expand, Oracle Opening, Carriers 

Get SALT Encoding   

  12  0:00  Probe  
  13  0:12  Probe  
  14  0:20  Pylon  
  14  0:24  Probe  
  15  0:38  Probe  
  15  0:39  Gateway  
  16  0:49  Assimilator  
  16  0:50  Probe  
  17  1:02  Probe  
  18  1:14  Probe  
  19  1:26  Probe  
  20  1:36  Nexus  
  20  1:38  Probe  
  21  1:43  Assimilator  
  21  1:46  Pylon  
  21  1:50  Probe  
  22  2:02  Probe  
  23  2:13  Cybernetics Core  
  23  2:14  Probe  
  24  2:26  Probe  
  24  2:29  Pylon  
  25  2:39  Probe  
  26  2:50  Probe (Chrono Boost)  
  28  2:51  Probe (Chrono Boost)  
  28  2:55  Stargate  
  28  2:57  Stalker  
  30  3:00  Probe (Chrono Boost)  
  30  3:01  Probe (Chrono Boost)  
  30  3:05  Probe (Chrono Boost)  
  32  3:06  Probe  
  32  3:08  Assimilator  
  32  3:12  Assimilator  
  34  3:16  Probe (Chrono Boost)  
  36  3:21  Pylon  
  36  3:24  Probe (Chrono Boost)  
  37  3:27  Probe (Chrono Boost)  
  37  3:31  Probe (Chrono Boost), Pylon  
  39  3:35  Probe (Chrono Boost)  
  39  3:36  Oracle (Chrono Boost)  
  43  3:41  Probe (Chrono Boost)  
  43  3:45  Probe (Chrono Boost)  
  43  3:47  Probe (Chrono Boost), Protoss Air Weapons Level 1 (Chrono Boost)  
  44  3:55  Probe  
  46  3:58  Probe, Stargate  
  46  4:01  Gateway  
  47  4:04  Forge  
  47  4:07  Probe  
  48  4:20  Probe  
  48  4:21  Probe  
  50  4:24  Void Ray (Chrono Boost)  
  50  4:32  Probe  
  55  4:39  Fleet Beacon  
  55  4:43  Photon Cannon, Void Ray (Chrono Boost)  
  55  4:44  Probe  
  60  4:58  Probe  
  62  5:00  Probe  
  62  5:02  Nexus  
  61  5:50  Probe x2  
  63  6:08  Carrier  
  69  6:12  Pylon x2  
  72  6:18  Probe x2  
  72  6:19  Probe  
  75  6:28  Assimilator  
  75  6:30  Probe, Assimilator  
  76  6:37  Stargate  
  76  6:39  Stargate  
  76  6:41  Stargate  
  74  6:56  Protoss Air Weapons Level 2 (Chrono Boost)  
  74  7:03  Stalker  
  72  7:27  Carrier (Chrono Boost)  
  72  7:33  Pylon  
  72  7:36  Probe x3  
  74  7:41  Pylon  
  74  7:48  Probe x3  
  83  7:52  Pylon  
  83  7:55  Pylon  
  83  7:56  Photon Cannon, Pylon  
  83  7:58  Photon Cannon, Carrier (Chrono Boost)  
  82  8:00  Probe x2, Shield Battery  
  82  8:04  Phoenix  
  79  8:06  Anion Pulse-Crystals  
  77  8:13  Pylon  
  77  8:14  Probe  
  77  8:15  Probe x2  
  79  8:26  Probe  
  79  8:27  Probe  
  79  8:29  Phoenix (Chrono Boost)  
  83  8:37  Phoenix (Chrono Boost)  
  87  8:42  Phoenix x2 (Chrono Boost)  
  87  8:46  Probe  
  87  8:47  Probe x2  
  90  8:58  Probe, Photon Cannon  
  90  8:59  Probe x2  
  90  9:01  Protoss Shields Level 1  
  93  9:03  Photon Cannon  
  93  9:05  Phoenix  
  93  9:07  Phoenix  
  97  9:11  Probe x3  
  97  9:14  Photon Cannon  
  100  9:21  Photon Cannon  
  100  9:23  Probe x3, Photon Cannon  
  103  9:25  Photon Cannon, Phoenix  
  103  9:31  Pylon  
  105  9:35  Probe x2  
  107  9:46  Pylon  
  107  9:47  Pylon  
  107  9:51  Pylon  
  107  9:53  Protoss Air Weapons Level 3 (Chrono Boost)  
  91  10:55  Carrier x3  
  109  11:03  Probe x3  
  112  11:15  Probe  
  113  11:46  Nexus  
  113  11:48  Pylon  
Show
View Real Time Build Order
Export as new Build Order

IIIIIIIIIIII Terran - Winner!

Build Orders: Reaper Expand, Mech 

Get SALT Encoding   

  12  0:00  SCV  
  13  0:12  SCV  
  14  0:21  Supply Depot  
  14  0:24  SCV  
  15  0:43  SCV  
  15  0:44  Barracks  
  15  0:48  Refinery  
  16  0:55  SCV  
  17  1:07  SCV  
  18  1:32  Reaper  
  19  1:33  Orbital Command  
  19  1:42  Command Center  
  19  1:49  Supply Depot  
  19  1:58  SCV  
  20  2:04  Marine  
  21  2:15  Factory  
  21  2:16  SCV  
  22  2:24  Barracks Reactor  
  22  2:28  SCV  
  23  2:30  Refinery  
  23  2:40  SCV  
  24  2:52  SCV, Command Center  
  25  3:03  Orbital Command  
  25  3:20  SCV  
  26  3:28  Barracks Tech Lab  
  26  3:31  SCV  
  26  3:33  SCV  
  28  3:43  SCV  
  28  3:45  SCV  
  28  3:46  Factory x2  
  30  3:52  Engineering Bay  
  30  3:55  SCV  
  31  3:59  SCV  
  31  4:01  Widow Mine x2  
  36  4:05  Barracks Tech Lab  
  36  4:08  Orbital Command  
  36  4:10  Refinery, SCV  
  36  4:11  SCV  
  36  4:15  Refinery  
  38  4:17  Refinery  
  38  4:26  Widow Mine x2  
  42  4:41  SCV x3  
  42  4:42  Factory  
  42  4:43  Factory  
  45  4:46  Missile Turret  
  45  4:48  Missile Turret  
  45  4:53  SCV  
  45  4:54  SCV x2  
  45  4:58  Hellion  
  50  5:03  Widow Mine x2  
  54  5:14  Siege Tank  
  57  5:22  SCV x2  
  57  5:23  SCV  
  60  5:31  Factory Tech Lab  
  60  5:34  SCV  
  61  5:36  Factory  
  61  5:41  Factory Tech Lab, SCV x2  
  63  5:46  SCV  
  63  5:47  Missile Turret  
  64  5:51  Widow Mine  
  64  5:52  Widow Mine x2, Supply Depot x2  
  64  5:53  Refinery, SCV x2  
  64  5:55  Supply Depot  
  72  5:59  SCV, Missile Turret  
  73  6:04  Missile Turret  
  73  6:06  SCV, Missile Turret  
  74  6:12  Neosteel Armor  
  74  6:23  Siege Tank x2  
  74  6:25  SCV x2  
  82  6:27  SCV  
  83  6:36  Factory Tech Lab  
  83  6:44  SCV x3  
  86  6:47  Armory  
  86  6:48  Armory  
  86  6:53  Starport  
  86  6:56  SCV x2, Siege Tank  
  91  7:25  Siege Tank x3  
  91  7:27  SCV  
  91  7:29  SCV  
  100  7:33  SCV  
  101  7:44  Missile Turret  
  101  7:45  Missile Turret  
  101  7:46  Command Center, Missile Turret  
  101  7:54  Missile Turret  
  101  7:56  Missile Turret  
  101  7:59  Supply Depot  
  101  8:00  Supply Depot  
  101  8:03  Supply Depot  
  101  8:09  SCV  
  101  8:10  SCV x2, Missile Turret  
  101  8:14  Missile Turret  
  100  8:20  Thor, Siege Tank  
  100  8:21  Thor  
  100  8:22  SCV  
  100  8:23  SCV  
  100  8:26  Thor  
  123  8:31  Widow Mine  
  125  8:50  Missile Turret  
  125  8:56  SCV x2  
  125  8:57  Widow Mine x2, SCV, Thor  
  125  8:58  Widow Mine  
  136  9:06  Factory  
  136  9:07  Factory  
  136  9:08  SCV  
  136  9:09  SCV  
  138  9:11  Missile Turret  
  138  9:12  Planetary Fortress  
  138  9:19  Widow Mine  
  138  9:27  Command Center  
  138  9:39  Terran Vehicle And Ship Armor Level 1, Terran Ship Weapons Level 1  
  138  9:45  Supply Depot  
  138  9:46  Supply Depot  
  138  9:47  Supply Depot  
  138  9:48  Supply Depot  
  138  9:49  Hi-Sec Auto Tracking  
  138  9:51  Starport Tech Lab  
  138  9:52  Factory  
  138  9:56  Factory Tech Lab x2  
  138  9:57  Widow Mine  
  140  10:06  Thor  
  146  10:07  Widow Mine  
  146  10:08  Widow Mine, Thor x2  
  146  10:09  Thor  
  162  10:18  Widow Mine  
  156  10:30  Widow Mine  
  151  10:43  Siege Tank  
  151  10:44  Siege Tank  
  151  10:49  Hellion x2, Thor  
  167  10:50  SCV x3, Thor  
  167  10:51  Thor  
  167  10:52  Hellion x2  
  167  10:53  Refinery x2  
  184  11:10  Hellion  
  186  11:15  Command Center  
  186  11:20  Hellion  
  178  11:31  Thor  
  178  11:32  Thor  
  182  11:39  Thor  
  186  11:49  Siege Tank  
  187  12:27  Hellion x2, Siege Tank  
  187  12:29  Siege Tank  
  199  12:30  Hellion  
  199  12:37  Supply Depot x2  
  199  12:39  Supply Depot x2  
  199  12:41  Supply Depot  
  199  12:43  Command Center  
  199  12:50  Command Center  
  199  13:03  Supply Depot  
Show
View Real Time Build Order
Export as new Build Order

Massa Terran 

Build Orders:  

Get SALT Encoding   

  12  0:00  SCV  
  13  0:12  SCV  
  14  0:24  SCV  
  14  0:25  Supply Depot  
  15  0:38  Refinery  
  15  0:47  SCV  
  15  0:48  Barracks  
  16  0:59  SCV  
  17  1:11  SCV  
  18  1:23  SCV  
  19  1:35  SCV, Reaper  
  21  1:47  Command Center  
  21  1:50  Orbital Command  
  21  1:59  Supply Depot  
  21  2:12  Marine  
  22  2:15  Factory  
  22  2:27  SCV  
  23  2:34  Barracks Reactor  
  23  2:38  Bunker  
  23  3:02  Factory Reactor  
  23  3:10  Refinery, SCV  
  24  3:13  Orbital Command  
  24  3:17  Starport  
  24  3:19  Refinery  
  24  3:21  Marine x2  
  24  3:22  SCV  
  27  3:33  Barracks  
  27  3:39  Marine x2  
  29  3:43  SCV x2  
  29  3:47  Supply Depot  
  31  3:55  SCV x2  
  33  4:08  SCV x2  
  35  4:11  Starport Reactor  
  35  4:15  Refinery  
  35  4:17  Factory Tech Lab  
  35  4:20  SCV x2  
  37  4:32  SCV x2, Marine x2  
  37  4:33  Barracks Tech Lab  
  37  4:36  Command Center  
  41  4:40  Siege Tank  
  41  4:44  SCV  
  45  4:49  Marine  
  45  4:51  Supply Depot  
  46  4:52  Engineering Bay  
  46  5:01  Stimpack  
  46  5:03  Medivac  
  46  5:04  Liberator  
  51  5:10  Marine x2  
  51  5:13  Widow Mine, Marauder  
  53  5:28  Marine  
  52  5:34  Widow Mine  
  54  5:50  Missile Turret  
  54  5:53  Terran Infantry Weapons Level 1  
  52  6:09  Missile Turret  
  51  6:25  SCV x2  
  53  6:34  Orbital Command  
  53  6:37  SCV x2  
  55  6:49  SCV x2  
  56  7:01  SCV  
  57  7:32  Marauder, Marine x2  
  58  7:41  Combat Shield  
  58  7:47  Armory  
  58  7:49  Marine  
  59  7:51  Engineering Bay  
  59  7:53  Marauder  
  61  8:04  Viking x2  
  65  8:06  Cyclone  
  68  8:34  SCV x2, Viking x2  
  70  8:37  Terran Infantry Weapons Level 2  
  70  8:38  Siege Tank  
  70  8:39  Terran Infantry Armor Level 1  
  77  8:45  Barracks  
  77  8:46  SCV, Barracks  
  77  8:49  SCV  
  77  9:16  Orbital Command  
  77  9:24  Missile Turret  
  77  9:25  Missile Turret  
  77  9:33  Supply Depot  
  77  9:34  Barracks Tech Lab, Supply Depot x2  
  77  9:35  Barracks Reactor  
  77  9:45  Missile Turret  
  77  9:55  Sensor Tower, Marauder, Marine x2, Viking, Thor  
  77  9:59  Supply Depot  
  89  10:00  Supply Depot  
  89  10:01  Supply Depot  
  89  10:02  Sensor Tower  
  89  10:04  SCV x3  
  92  10:13  Marine x2  
  94  10:17  Marauder  
  94  10:21  Marauder, Marine x2  
  93  10:31  Marine x2  
  84  10:38  Marauder  
  84  10:39  Marine x2  
  90  10:43  Marauder  
  90  10:48  Marine x2, Viking x2  
  94  10:59  Marauder  
  94  11:01  SCV  
  94  11:02  SCV x2  
  101  11:04  Marauder  
  101  11:06  Thor  
  101  11:08  Marine  
  101  11:09  Marine x3  
  111  11:14  SCV x3  
  111  11:18  Viking x2  
  116  11:21  Marauder  
  106  11:25  Marauder  
  106  11:26  SCV x3, Marine  
  74  11:48  Viking  
  59  11:59  Marauder, Marine x2  
  40  12:16  Viking  
  40  12:17  Marine x2  
  40  12:19  Viking  
  40  12:20  Marauder  
  54  12:28  Barracks  
  54  12:30  Orbital Command  
  54  12:32  Barracks  
  54  12:35  Marine x2  
  47  12:41  Marauder  
  47  12:47  SCV  
Show
View Real Time Build Order
Export as new Build Order

qqq Zerg 

Build Orders: Hatch First 

Get SALT Encoding   

  12  0:01  Drone  
  13  0:10  Drone  
  14  0:31  Overlord  
  14  0:45  Hatchery  
  14  0:48  Drone  
  14  0:52  Extractor  
  14  0:54  Drone  
  14  1:03  Drone x2  
  16  1:22  Spawning Pool  
  15  1:36  Drone  
  15  1:37  Drone  
  17  1:41  Drone  
  18  2:05  Hatchery  
  17  2:09  Drone  
  17  2:12  Drone  
  18  2:25  Lair  
  18  2:33  Drone x2  
  18  2:36  Drone  
  21  2:38  Drone  
  21  2:43  Drone  
  23  2:46  Drone  
  24  2:53  Drone  
  25  2:59  Queen  
  27  3:08  Drone  
  27  3:09  Overlord  
  27  3:11  Overlord  
  28  3:16  Extractor, Drone  
  28  3:22  Evolution Chamber  
  27  3:27  Drone  
  27  3:29  Drone, Hydralisk Den  
  27  3:32  Drone  
  29  3:35  Overseer  
  29  3:38  Drone  
  29  3:39  Drone  
  31  3:42  Drone  
  32  3:50  Zerg Missile Weapons Level 1  
  32  3:51  Drone  
  32  3:52  Drone  
  34  3:56  Drone  
  34  3:57  Drone  
  36  4:09  Drone  
  38  4:10  Drone, Overlord  
  38  4:11  Drone  
  38  4:12  Drone x2  
  38  4:13  Drone  
  42  4:31  Hydralisk  
  42  4:32  Hydralisk  
  42  4:34  Lurker Den  
  42  4:36  Queen  
  47  4:39  Queen  
  47  4:42  Drone x4  
  47  4:44  Extractor  
  52  4:46  Extractor  
  52  4:47  Extractor x2, Drone  
  52  4:48  Drone  
  52  4:50  Drone  
  52  5:07  Drone x2, Spire  
  52  5:08  Drone x3  
  52  5:09  Drone x2  
  52  5:12  Spore Crawler  
  57  5:15  Spore Crawler  
  57  5:18  Spore Crawler  
  51  5:42  Hydralisk x3  
  57  5:43  Drone  
  58  5:56  Overlord x3  
  58  5:57  Overlord x4  
  57  6:18  Drone x2  
  57  6:19  Drone x4  
  57  6:20  Mutalisk x2  
  66  6:32  Drone  
  67  6:34  Mutalisk, Pneumatized Carapace  
  67  6:38  Zerg Flyer Weapons Level 1  
  69  6:50  Drone x5  
  69  6:51  Mutalisk x3  
  69  6:52  Mutalisk  
  82  7:06  Infestation Pit  
  82  7:08  Mutalisk x2  
  81  7:10  Drone  
  81  7:11  Mutalisk x2  
  81  7:15  Drone x2, Overlord  
  90  7:24  Drone  
  90  7:25  Corruptor x2  
  89  7:37  Corruptor x2  
  89  7:39  Drone  
  91  8:26  Mutalisk x6  
  91  8:27  Mutalisk x2  
  95  8:29  Drone x6  
  111  8:36  Overseer  
  110  9:08  Corruptor  
  110  9:09  Corruptor  
  114  9:11  Hatchery, Overlord  
  114  9:12  Overlord x4  
  113  9:21  Overseer x3  
  113  9:25  Hive  
  113  9:26  Overlord x2  
  113  9:27  Drone  
  113  9:30  Hatchery x2  
  112  9:47  Corruptor x3  
  112  9:48  Corruptor  
  120  9:56  Zerg Flyer Armor Level 1  
  112  10:23  Corruptor x4  
  112  10:24  Corruptor x2  
  104  10:41  Corruptor x3  
  98  10:43  Drone x2  
  96  10:54  Viper  
  99  10:57  Drone x2  
  98  11:33  Viper x3  
  98  11:35  Zergling x8  
  98  11:36  Zergling x4  
  98  11:37  Drone x2, Zergling x2  
  98  11:38  Drone x3  
  111  12:18  Corruptor x3  
  121  12:28  Corruptor x3  
Tags
 
Add a new tag
Caveats
  • Supply blocks, unpowered buildings, or Contaminate may cause inaccurate times.
  • Supply counts are checked every 10 seconds.